 Dungeon Crawl Stone Soup version 0.30.1-4-g462c640d31 (webtiles) character file.

Game seed: 5791810939254838694

60644 safid the Gelid (level 15, -7/123 HPs)
             Began as a Merfolk Ice Elementalist on Aug 15, 2023.
             Was an Elder of Vehumet.
             Mangled by an orc knight
             ... wielding a +0 battleaxe
              (34 damage)
             ... on level 2 of the Orcish Mines.
             The game lasted 00:44:35 (18287 turns).

safid the Gelid (Merfolk Ice Elementalist)         Turns: 18287, Time: 00:44:35

Health: -7/123     AC: 26    Str:  8    XL:     15   Next: 0%
Magic:  25/28      EV: 20    Int: 21    God:    Vehumet [****..]
Gold:   755        SH:  0    Dex: 16    Spells: 18/32 levels left

rFire   . . .        O - +8 demon trident "Rift" {distort, reach+}
rCold   . . .        (no shield)
rNeg    . . .        x - +2 robe {Will+}
rPois   .            y - +0 hat {SInv}
rElec   .            (no cloak)
rCorr   .            v - +2 pair of gloves
SInv    +            j - +0 pair of boots
Will    ++...        e - amulet of regeneration
Stlth   ++           P - ring of the Tortoise {AC+8}
HPRegen 1.20/turn    d - +4 ring of slaying
MPRegen 0.21/turn

%: no passive effects
@: ice-armoured, about to teleport, freezing walls
A: (nimble swimmer 2), mertail
a: Renounce Religion


You were on level 2 of the Orcish Mines.
You worshipped Vehumet.
Vehumet was greatly pleased with you.
You visited 4 branches of the dungeon, and saw 20 of its levels.
You visited 1 bazaar.
You also visited: Ossuary, Bailey and Gauntlet.

You collected 1684 gold pieces.
You spent 929 gold pieces at shops.

Inventory:

Hand Weapons
 O - the +8 demon trident "Rift" (weapon) {distort, reach+}
   (You bought it in a shop on level 3 of the Dungeon)
Missiles
 m - 4 throwing nets
Armour
 j - a +0 pair of boots (worn)
 v - a +2 pair of gloves (worn)
 x - a +2 robe of willpower (worn)
 y - a +0 hat of see invisible (worn)
Jewellery
 d - a +4 ring of slaying (right hand)
 e - an amulet of regeneration (around neck)
 r - the ring of Compassion {rC+ Str+4}
   (You found it in a Gauntlet)

   [ring of protection from cold]

   Str:       It affects your strength (+4).
   rC:        It protects you from cold.
 B - the amulet of Ananeec {Acrobat rPois}
   (You found it on level 5 of the Dungeon)

   [amulet of the acrobat]

   It increases your evasion while moving and waiting.
   rPois:     It protects you from poison.
 I - a ring of ice
 P - the ring of the Tortoise (left hand) {AC+8}
   (You found it on level 5 of the Lair of Beasts)

   [ring of protection]

   AC:        It affects your AC (+8).
Wands
 c - a wand of acid (7)
 w - a wand of paralysis (32)
 J - a wand of iceblast (9)
 T - a wand of polymorph (3)
Scrolls
 a - a scroll of summoning
 f - 12 scrolls of teleportation
 n - 5 scrolls of enchant weapon
 s - 2 scrolls of fog
 C - 4 scrolls of enchant armour
 F - 4 scrolls of fear
 G - a scroll of blinking
 K - a scroll of magic mapping
 L - 2 scrolls of brand weapon
Potions
 b - 5 potions of magic
 g - 3 potions of brilliance
 h - 2 potions of ambrosia
 i - 4 potions of lignification
 l - 7 potions of mutation
 o - 6 potions of curing
 p - 2 potions of invisibility
 q - 3 potions of heal wounds
 t - 4 potions of flight
 z - a potion of haste {unknown}
 D - a potion of resistance
 E - 2 potions of cancellation
 M - 2 potions of berserk rage {unknown}
 N - 2 potions of might {unknown}
 S - a potion of attraction {unknown}
Miscellaneous
 k - a phial of floods
 u - a phantom mirror


   Skills:
 + Level 13.1 Fighting
 * Level 9.3 Polearms
 + Level 13.5 Dodging
 - Level 2.1 Stealth
 - Level 9.0 Spellcasting
 + Level 2.3 Conjurations
 - Level 5.0 Translocations
 + Level 16.8 Ice Magic
 + Level 5.0 Evocations


You had 18 spell levels left.
You knew the following spells:

 Your Spells              Type           Power      Damage    Failure   Level
a - Freeze                Ice            100%       1d10      0%          1
b - Frozen Ramparts       Ice            100%       1d16      0%          3
c - Ozocubu's Armour      Ice            69%        N/A       1%          3
d - Blink                 Tloc           60%        N/A       1%          2
e - Freezing Cloud        Conj/Ice/Air   18%        6-21      4%          5

Your spell library contained the following spells:

 Spells                   Type           Power      Damage    Failure   Level
 Ignite Poison            Fire/Tmut/Pois 9%         N/A       6%          3
 Shock                    Conj/Air       56%        1d6       1%          1
 Static Discharge         Conj/Air       28%        2-4/arc   1%          2
 Volatile Blastmotes      Fire/Tloc      38%        2d13      2%          3
 Summon Ice Beast         Ice/Summ       44%        N/A       2%          4
 Poisonous Vapours        Pois/Air       18%        N/A       3%          2
 Dazzling Flash           Conj/Hex       28%        N/A       3%          3
 Mephitic Cloud           Conj/Pois/Air  12%        N/A       4%          3
 Iskenderun's Mystic Bla  Conj/Tloc      24%        2d7       4%          4
 Metabolic Englaciation   Hex/Ice        22%        N/A       6%          5
 Necrotise                Necr           36%        1d5       7%          1
 Slow                     Hex            36%        N/A       7%          1
 Portal Projectile        Hex/Tloc       38%        N/A       8%          3
 Manifold Assault         Tloc           30%        N/A       9%          4
 Call Canine Familiar     Summ           9%         N/A       22%         3
 Confusing Touch          Hex            9%         N/A       22%         3
 Vampiric Draining        Necr           9%         2d6       22%         3
 Simulacrum               Ice/Necr       22%        N/A       34%         6
 Leda's Liquefaction      Hex/Erth       4%         N/A       56%         4
 Summon Forest            Summ/Tloc      9%         N/A       56%         5
 Starburst                Conj/Fire      7%         6d4       82%         6
 Agony                    Necr           9%         N/A       89%         5
 Silence                  Hex/Air        4%         N/A       89%         5
 Summon Mana Viper        Hex/Summ       9%         N/A       89%         5
 Summon Cactus Giant      Summ           4%         N/A       100%        6
 Storm Form               Tmut/Air       4%         N/A       100%        7


Dungeon Overview and Level Annotations

Branches:
Dungeon (12/15)            Temple (1/1) D:6            Lair (5/5) D:8
  Swamp (0/4) Lair:2        Snake (0/4) Lair:3        Slime (0/5) Lair:4
    Orc (2/2) D:10            Elf (0/3) Orc:2       Ossuary (visited)
 Bailey (visited)         Gauntlet (visited)

Altars:
Ashenzari
Cheibriados
Dithmenos
Elyvilon
Fedhas
Gozag
Hepliaklqana
Kikubaaqudgha
Makhleb
Nemelex Xobeh
Okawaru
Qazlal
Ru
Sif Muna
Trog
Uskayaw
Vehumet
Wu Jian
Xom
Yredelemnul
Zin
The Shining One
Jiyva

Shops:
D:3 (

Annotations:
D:7 1 transporter
Lair:2 1 runed translucent door, Zeor's ghost, journeyman NaVM
Lair:4 1 runed translucent door
Abyss:1 Urug


Innate Abilities, Weirdness & Mutations

((You are very nimble when in or above water. (Stealth+, EV+, Speed+++)))
Your lower body shifts to a powerful aquatic tail in water.


Message History

You are too injured to fight recklessly!
You are too injured to fight recklessly!
Unknown command.
You impale the orc high priest!!
The orc high priest is almost dead.
The orc high priest blinks!
The wall freezes the sun demon but does no damage.
The sun demon closely misses you.
The wall freezes the orc knight but does no damage.
The orc knight roars a battlecry!
The orc warrior goes into a battle-frenzy!
The wall freezes the orc priest.
The orc priest looks satisfied for a moment.
The orc high priest prays to Beogh.
The wall freezes the orc knight!
The orc high priest prays to Beogh.
You hear a shout!
You closely miss the orc knight.
The orc knight is moderately wounded.
The sun demon is frozen!
The wall freezes the sun demon!
The sun demon completely misses you.
The wall freezes the orc knight!
The orc knight hits you with a +0 battleaxe!
The wall freezes the orc priest.
The orc priest invokes the aid of Beogh against you.
Beogh smites you!
* * * LOW HITPOINT WARNING * * *
The wall freezes the orc warrior!
The wall freezes the orc knight but does no damage.
The orc knight hits you with a +0 long sword.
* * * LOW HITPOINT WARNING * * *
Unknown command.
As you read the scroll of teleportation, it crumbles to dust.
You feel strangely unstable.
The wall freezes the sun demon but does no damage.
The sun demon closely misses you.
The ynoxinul resists.
The wall freezes the ynoxinul.
The ynoxinul gestures.
The wall freezes the orc priest.
The wall freezes the orc knight.
The orc knight hits you with a +0 battleaxe!!
You die...

####### ###.....###
###.........###
##.............##
#...............###
#.#.#.#.#.#.#.#.#o#.#.#.
.......)........@3ooo44.
........)......)#o#oo.4.
))...............3)5 .o.
#.#.#.#.#.#.#.#.#5#.# .
#...............###...
##.............## ...
####.........### #.. #
###.....### ## # #######


You could see 2 orc knights, an orc high priest (strong), a sun demon
(summoned), an orange demon (summoned), a rust devil (summoned), a ynoxinul
(summoned), a red devil (summoned), 3 orc warriors, 2 orc priests and 2 ufetubi.

Vanquished Creatures
  A minotaur (Gauntlet)
  A dire elephant (Lair:5)
  2 catoblepae
  6 hydras
  2 two-headed ogres
  A boulder beetle (D:11)
  2 thrashing horrors (Gauntlet)
  3 death yaks (D:8)
  2 orc high priests (Orc:2)
  2 skeletal warriors (D:12)
  A necromancer (Gauntlet)
  A lindwurm (Lair:5)
  Pikel (D:4)
  An orc knight (Orc:2)
  A wolf spider (Lair:5)
  An orc sorcerer (Orc:2)
  A cyclops (D:12)
  An ugly thing (D:12)
  2 manticores (Lair:5)
  6 elephants (Lair:4)
  Joseph (D:9)
  A gargoyle (D:12)
  4 black mambas
  2 unseen horrors
  Maggie (D:6)
  9 cane toads
  7 komodo dragons
  3 rime drakes
  3 polar bears
  6 trolls
  21 blink frogs
  5 slime creatures
  2 wraiths (D:10)
  5 wyverns
  44 yaks
  4 basilisks
  Eustachio (D:6)
  10 vampire mosquitoes
  A steam dragon (D:9)
  Menkaure (D:6)
  2 wargs (Orc:2)
  An acid dragon (D:10)
  3 nagas (Lair:3)
  2 swamp worms (Gauntlet)
  19 water moccasins
  A swamp drake (Lair:2)
  2 ice beasts
  26 orc warriors
  2 small abominations (Gauntlet)
  4 ogres
  13 wolves
  18 centaurs
  2 lemures (D:4)
  3 phantoms
  12 bullfrogs
  A gnoll sergeant (D:9)
  A scorpion (D:5)
  3 wights (D:6)
  2 troll zombies (D:10)
  8 killer bees
  10 howler monkeys
  An electric eel (Lair:1)
  2 centaur zombies (Ossuary)
  2 jellies (D:5)
  2 gnoll boudas
  20 orc priests
  5 hounds
  4 sleepcaps
  An iguana (D:4)
  15 orc wizards
  Natasha (twice) (D:3)
  6 hell rats (Lair:5)
  6 ogre zombies (D:10)
  3 mummies (Ossuary)
  5 adders
  27 gnolls
  2 white imps
  2 ufetubi
  5 dart slugs
  83 orcs
  6 ball pythons
  7 endoplasms
  4 giant cockroaches
  11 goblins
  4 hobgoblins
  2 jackals (D:1)
  6 kobolds
  2 quokkas
  6 bats
  3 frilled lizards
  A gnoll zombie (Ossuary)
  A goblin skeleton (D:10)
  3 goblin zombies
  3 hobgoblin skeletons (D:10)
  6 hobgoblin zombies
  A kobold zombie (Ossuary)
  3 orc skeletons (D:10)
  13 orc zombies (D:10)
  4 rats
583 creatures vanquished.

Vanquished Creatures (others)
  An orc (Bailey)
1 creature vanquished.

Grand Total: 584 creatures vanquished

Notes
Turn   | Place    | Note
-------+----------+-------------------------------------------
     0 | D:1      | safid the Merfolk Ice Elementalist began the quest for the
                  | Orb.
     0 | D:1      | Reached XP level 1. HP: 13/13 MP: 3/3
   211 | D:1      | Reached XP level 2. HP: 8/20 MP: 1/5
   368 | D:1      | Reached skill level 1 in Fighting
   662 | D:1      | Reached XP level 3. HP: 26/26 MP: 6/6
   675 | D:1      | Learned a level 3 spell: Frozen Ramparts
  1233 | D:2      | Reached skill level 5 in Ice Magic
  1233 | D:2      | Reached XP level 4. HP: 22/33 MP: 3/8
  1698 | D:2      | Reached XP level 5. HP: 39/39 MP: 9/9
  1814 | D:3      | Learned a level 3 spell: Ozocubu's Armour
  1868 | D:3      | Found Oskikut's Weapon Boutique.
  1868 | D:3      | Noticed Natasha
  1872 | D:3      | Killed Natasha
  1885 | D:3      | Reached XP level 6. HP: 21/47 MP: 1/11
  2166 | D:3      | Noticed Natasha
  2180 | D:3      | Killed Natasha
  2342 | D:3      | Reached skill level 6 in Ice Magic
  2532 | D:4      | Noticed Pikel
  2601 | D:4      | Paralysed by Pikel for 5 turns
  2611 | D:4      | Paralysed by Pikel for 5 turns
  2615 | D:4      | Killed Pikel
  2616 | D:4      | Reached skill level 5 in Fighting
  2616 | D:4      | Reached skill level 7 in Ice Magic
  2616 | D:4      | Reached XP level 7. HP: 11/56 MP: 4/14
  3064 | D:4      | Reached XP level 8. HP: 62/62 MP: 15/15
  3170 | D:4      | Reached skill level 5 in Spellcasting
  3203 | D:5      | Entered Level 5 of the Dungeon
  3328 | D:5      | Identified the amulet of Ananeec {Acrobat rPois}
  3568 | D:5      | Reached skill level 8 in Ice Magic
  3976 | D:6      | Noticed Eustachio
  3986 | D:6      | Reached XP level 9. HP: 71/71 MP: 18/18
  4019 | D:6      | Killed Eustachio
  4228 | D:6      | Noticed Maggie
  4255 | D:6      | Killed Maggie
  4256 | D:6      | Reached skill level 9 in Ice Magic
  4431 | D:6      | Found an ornate altar of the Wu Jian Council.
  4431 | D:6      | Found an iron altar of Okawaru.
  4440 | D:6      | Found a faded altar of an unknown god.
  4442 | D:6      | Found a faded altar of an unknown god.
  4444 | D:6      | Found a snail-covered altar of Cheibriados.
  4514 | D:6      | Found a staircase to the Ecumenical Temple.
  4582 | D:6      | Noticed Menkaure
  4605 | D:6      | Killed Menkaure
  4777 | D:7      | Identified the +9 mace of Hycsazau {flame, Dex+2}
  4862 | D:7      | Reached XP level 10. HP: 82/82 MP: 11/21
  4936 | D:7      | Found a flagged portal.
  4948 | D:7      | Reached skill level 10 in Ice Magic
  4956 | Bailey   | Entered a bailey
  5358 | Bailey   | Identified the +0 quarterstaff of Dim Light {heavy, rF-
                  | Str+2 Int+3 Dex+6}
  5826 | D:7      | Found a transporter.
  6000 | D:8      | Found a sand-covered staircase.
  6006 | Ossuary  | Entered an ossuary
  6434 | D:8      | Noticed a death yak
  6435 | D:8      | Found a staircase to the Lair.
  6446 | D:8      | Killed a death yak
  6447 | D:8      | Reached skill level 10 in Fighting
  6447 | D:8      | Reached skill level 11 in Ice Magic
  6778 | D:8      | Noticed a death yak
  6785 | D:8      | Noticed a death yak
  6791 | D:8      | Killed a death yak
  6792 | D:8      | Reached XP level 11. HP: 92/92 MP: 15/24
  6798 | D:8      | Killed a death yak
  6861 | D:8      | You fall into a shaft and drop 2 floors!
  6861 | D:10     | Entered Level 10 of the Dungeon
  6925 | D:9      | Reached skill level 5 in Dodging
  7451 | D:9      | Noticed Joseph
  7463 | D:9      | Killed Joseph
  7642 | D:9      | Identified the +0 leather armour of the Invisible Hand
                  | {Rampage Dex+3}
  7804 | D:9      | Reached skill level 12 in Ice Magic
  7874 | D:9      | Learned a level 2 spell: Blink
  8314 | D:10     | Found a staircase to the Orcish Mines.
  8335 | D:10     | Reached skill level 1 in Translocations
  8379 | D:10     | Noticed a two-headed ogre
  8392 | D:10     | Killed a two-headed ogre
  9417 | Lair:1   | Entered Level 1 of the Lair of Beasts
  9524 | Lair:1   | Reached XP level 12. HP: 101/101 MP: 19/25
 10059 | Lair:1   | Reached skill level 13 in Ice Magic
 10267 | Lair:2   | Found a runed translucent door.
 10268 | Lair:2   | Noticed Zeor's ghost (journeyman NaVM)
 10270 | Lair:2   | Noticed a death yak
 10499 | Lair:2   | Noticed a seven-headed hydra
 10508 | Lair:2   | Killed a seven-headed hydra
 10558 | Lair:2   | Noticed an eight-headed hydra
 10566 | Lair:2   | Killed an eight-headed hydra
 10567 | Lair:2   | Reached skill level 10 in Dodging
 10997 | Lair:2   | Found a staircase to the Swamp.
 11002 | Lair:2   | Reached skill level 5 in Translocations
 11259 | Lair:3   | Reached skill level 14 in Ice Magic
 11266 | Lair:3   | Reached XP level 13. HP: 84/108 MP: 22/26
 11364 | Lair:3   | HP: 5/108 [catoblepas (15)]
 11542 | Lair:3   | Found a staircase to the Snake Pit.
 12332 | Lair:4   | Reached skill level 15 in Ice Magic
 12485 | Lair:4   | Found a runed translucent door.
 12485 | Lair:4   | Found a viscous altar of Jiyva.
 13050 | Lair:4   | Reached skill level 16 in Ice Magic
 13164 | Temple   | Entered the Ecumenical Temple
 13201 | Temple   | Became a worshipper of Vehumet
 13469 | Lair:4   | Found a staircase to the Slime Pits.
 13526 | Lair:5   | Entered Level 5 of the Lair of Beasts
 13700 | D:3      | Bought the +8 demon trident "Rift" {distort, reach+} for
                  | 929 gold pieces
 13700 | D:3      | Found the +8 demon trident "Rift" {distort, reach+}
 13923 | Lair:5   | Reached skill level 1 in Evocations
 13954 | Lair:5   | Reached skill level 1 in Polearms
 14237 | Lair:5   | Reached * piety under Vehumet
 14237 | Lair:5   | Offered knowledge of Shock by Vehumet.
 14507 | Lair:5   | Reached XP level 14. HP: 40/116 MP: 24/27
 14594 | Lair:5   | Found the ring of the Tortoise {AC+8}
 14622 | Lair:5   | Reached skill level 5 in Polearms
 14707 | Lair:5   | Noticed a dire elephant
 14729 | Lair:5   | Killed a dire elephant
 15208 | D:11     | Found a flickering gateway to a bazaar.
 15217 | Bazaar   | Entered a bazaar
 15307 | Bazaar   | Found Gesoq's Antique Weapon Emporium.
 15322 | Bazaar   | Found Bedav's Antique Weapon Shoppe.
 15338 | Bazaar   | Found Kufymih's Antique Armour Emporium.
 15349 | Bazaar   | Found Cyovoh's Antique Armour Shoppe.
 15541 | D:11     | Offered knowledge of Momentum Strike by Vehumet.
 15543 | D:11     | Reached ** piety under Vehumet
 16103 | D:12     | Learned a level 5 spell: Freezing Cloud
 16228 | D:12     | Reached skill level 1 in Conjurations
 16432 | D:12     | Found a gate leading to a gauntlet.
 16444 | Gauntlet | Entered a Gauntlet
 16444 | Gauntlet | Found a transporter.
 16444 | Gauntlet | Found a transporter.
 16444 | Gauntlet | Found a runed translucent gate.
 16469 | Gauntlet | Found a transporter.
 16470 | Gauntlet | Found a transporter.
 16470 | Gauntlet | Found a transporter.
 16471 | Gauntlet | Found a runed translucent gate.
 16472 | Gauntlet | Found a runed translucent gate.
 16473 | Gauntlet | Found a transporter.
 16479 | Gauntlet | Found a transporter.
 16482 | Gauntlet | Found a transporter.
 16482 | Gauntlet | Found a transporter.
 16484 | Gauntlet | Found a transporter.
 16492 | Gauntlet | Found a transporter.
 16496 | Gauntlet | Found a transporter.
 16784 | Gauntlet | Offered knowledge of Searing Ray by Vehumet.
 16838 | Gauntlet | Identified the +6 quarterstaff of Cuomyudgha {freeze,
                  | Dex+7}
 16839 | Gauntlet | Identified the ring of Compassion {rC+ Str+4}
 16893 | Gauntlet | Identified the +6 hand axe "Deuppy" {venom, *Noise rC-
                  | rCorr Int+7}
 16949 | Gauntlet | Got Rakohurph's Octavo of Air
 17474 | Orc:1    | Entered Level 1 of the Orcish Mines
 17500 | Orc:1    | Reached *** piety under Vehumet
 17674 | Orc:2    | Entered Level 2 of the Orcish Mines
 17744 | Orc:2    | Offered knowledge of Fulminant Prism by Vehumet.
 17841 | Orc:2    | Reached **** piety under Vehumet
 17964 | Orc:2    | Noticed Urug
 17971 | Orc:2    | Offered knowledge of Ignite Poison by Vehumet.
 17974 | Orc:2    | Banished Urug
 17999 | Orc:2    | Found a staircase to the Elven Halls.
 18277 | Orc:2    | Reached skill level 5 in Evocations
 18282 | Orc:2    | Reached XP level 15. HP: 112/123 MP: 28/28
 18287 | Orc:2    | Mangled by an orc knight

Illustrated notes

Levels and vault maps discovered:
D:1:      nagdon_arrival_double_spiral, layout_basic
D:2:      layout_basic
D:3:      layout_rooms, serial_shops, shop, minivault_14,
          kennysheep_generic_room_6, uniq_natasha
D:4:      layout_gridville, uniq_pikel
D:5:      layout_rooms
D:6:      layout_cave_pools, chequers_temple_overflow_minitemple,
          minmay_temple_entry_grid, uniq_menkaure, uniq_eustachio, uniq_maggie
D:7:      gammafunk_cloud_chamber, layout_cave_pools, enter_bailey_5,
          solitary_fountain
D:8:      layout_gridville, dpeg_lair_monsters, nicolae_ossuary_entry_plus
D:9:      layout_irregular_city, uniq_joseph
D:10:     layout_layer_cave, zombieorc2_lemuel, chequers_serial_rivers_small_3
D:11:     layout_big_octagon, serial_shops, bzr_entry_dummy,
          hangedman_abyss_or_decor_lesser_grid
D:12:     layout_irregular_city, gauntlet_entry_generic
Temple:   hellmonk_temple_of_storms
Lair:1:   layout_roguey, grunt_megastairs_5, lemuel_fruit_tree,
          serial_bayou_shore_b, serial_bayou_shore_a
Lair:2:   layout_long_grid, minmay_swamp_entry_reptiles,
          ebering_ghost_inner_flame
Lair:3:   layout_chaotic_city, guppyfry_snake_entry_garden,
          small_statue_intersection, grunt_megastairs_2
Lair:4:   layout_roguey, slime_entry_2
Lair:5:   hangedman_lair_in_review, layout_big_grid, dreamdust_gnoll_shepherd,
          lemuel_fruit_fields
Orc:1:    layout_caves
Orc:2:    st_orc_pillars, layout_caves, uniq_urug

Skill      XL: |  1  2  3  4  5  6  7  8  9 10 11 12 13 14 |
---------------+-------------------------------------------+-----
Fighting       | 1 2 3 5 6 8 10 11 12 13 | 13.1
Ice Magic      | 5 7 8 9 11 12 14 16 | 16.8
Spellcasting   | 3 4 6 7 9 |  9.0
Dodging        | 4 7 10 12 13 | 13.5
Translocations | 2 5 |  5.0
Evocations     | 2 5 |  5.0
Polearms       | 4 9 |  9.3
Conjurations   | 2 |  2.3
Stealth        | |  2.1

Action                     |  1- 3 |  4- 6 |  7- 9 | 10-12 | 13-15 || total
---------------------------+-------+-------+-------+-------+-------++-------
  Melee: Unarmed           |    15 |       |       |       |       ||    15
         Short sword       |    34 |       |       |       |       ||    34
         Punch             |     1 |     2 |     5 |    13 |    10 ||    31
         Dagger            |    13 |   132 |   245 |       |       ||   390
         Mace              |       |       |    27 |   499 |   112 ||   638
         Tailslap          |       |       |       |    21 |       ||    21
         Demon trident     |       |       |       |       |   423 ||   423
   Cast: Freeze            |    21 |     2 |     9 |    21 |    28 ||    81
         Frozen Ramparts   |     1 |     5 |    21 |    36 |    52 ||   115
         Ozocubu's Armour  |       |     1 |    15 |    32 |    48 ||    96
    Use: Scroll            |       |       |     6 |     5 |    14 ||    25
         Potion            |       |       |       |       |     2 ||     2
   Stab: Sleeping          |     7 |     2 |     2 |     6 |     3 ||    20
         Petrified         |       |       |       |       |     3 ||     3
         Petrifying        |       |       |       |       |     1 ||     1
 Armour: Robe              |    18 |    24 |    60 |   159 |   220 ||   481
  Dodge: Dodged            |    58 |   137 |   298 |  1019 |   615 ||  2127
